 Dungeon Crawl Stone Soup version 0.27.0-1-g7a089689b8 (webtiles) character file.

Game seed: 7449325901182996827

905 freelancePsychic the Skirmisher (level 8, 0/97 HPs)
             Began as a Barachi Chaos Knight on Aug 3, 2021.
             Was an Initiate of Cheibriados.
             Slain by a quasit (2 damage)
             ... summoned by Xom
             ... on level 7 of the Dungeon.
             The game lasted 00:12:35 (5320 turns).

freelancePsychic the Skirmisher (BaCK)              Turns: 5320, Time: 00:12:36

Health: 0/97       AC: 24    Str: 21      XL:     8   Next: 8%
Magic:  5/8        EV:  2    Int: 15      God:    Cheibriados [......]
Gold:   231        SH:  0    Dex:  7 (13) Spells: 7/7 levels left

rFire    . . .     SeeInvis .   a - +5 short sword (drain)
rCold    . . .     Faith    .   (no shield)
rNeg     + + +     Spirit   .   (armour currently unavailable)
rPois    +         Reflect  .   (helmet currently unavailable)
rElec    .         Harm     .   (cloak currently unavailable)
rCorr    .         Rampage  .   (gloves currently unavailable)
Will     .....     NoTele   +   (boots currently unavailable)
Stlth    +.........             (no amulet)
HPRegen  0.26/turn              v - +6 ring of strength
MPRegen  0.11/turn              (no ring)

@: brilliant, tree-form, hasted, quick
A: stationary, stasis, torment immunity, boosted hp, (amphibious), (slowness 1),
(strong legs 1), +LOS, no potion heal 1
a: Renounce Religion, Bend Time


You were on level 7 of the Dungeon.
You worshipped Cheibriados.
Cheibriados was noncommittal.
You were a tree.
You visited 1 branch of the dungeon, and saw 5 of its levels.

You collected 231 gold pieces.

Inventory:

Hand Weapons
 a - a +5 short sword of draining (weapon)
 b - a +0 hunting sling
Missiles
 e - 16 poisoned darts (quivered)
 i - 96 stones
Armour
 h - a +2 leather armour
 p - a +0 chain mail (melded)
 r - a +0 pair of gloves (melded)
 s - a +0 ring mail
Jewellery
 v - a +6 ring of strength (left branch)
Wands
 g - a wand of flame (20)
 o - a wand of polymorph (11)
Scrolls
 d - a scroll of enchant weapon
 j - a scroll of blinking {unknown}
 l - a scroll of identify {@r1}
 n - a scroll of magic mapping
Potions
 c - 2 potions of lignification
 k - 3 potions of brilliance


   Skills:
 - Level 6.5 Fighting
 + Level 2.9 Short Blades
 - Level 4.5 Maces & Flails
 - Level 2.9 Slings
 - Level 2.4 Armour
 - Level 1.1 Dodging
 + Level 4.0 Conjurations
 + Level 4.0 Transmutations


You had 7 spell levels left.
You didn't know any spells.
Your spell library contained the following spells:

 Spells                   Type           Power      Damage    Failure   Level
 Sublimation of Blood     Necr           0%         N/A       38%         2
 Gell's Gravitas          Tloc           0%         N/A       63%         3
 Lesser Beckoning         Tloc           0%         N/A       63%         3
 Teleport Other           Tloc           0%         N/A       63%         3
 Petrify                  Tmut/Erth      9%         N/A       75%         4
 Irradiate                Conj/Tmut      9%         3d16      82%         5


Dungeon Overview and Level Annotations

Branches:
Dungeon (4/15)
 Temple: D:4-7

Altars:
Cheibriados

Shops:
D:7 ?*


Innate Abilities, Weirdness & Mutations

You are a tree.
Your roots penetrate the ground, keeping you stationary.
You cannot be teleported.
You are immune to unholy pain and torment.
Your maximum health is greatly increased.
Your equipment is partially melded.
((You are amphibious.))
((You cover ground slowly.))
((You can hop short distances.))
You have an extended range of vision and can be seen from far away.
Potions are less effective at restoring your health.


Message History

You hit the iron imp but do no damage.
The quasit bites you but does no damage.
The quasit claws you but does no damage. x2
The shadow imp hits you but does no damage.
The shadow imp is pulled toward you!
You fail to use your ability.
The quasit bites you but does no damage.
The quasit claws you but does no damage. x2
The iron imp hits you but does no damage.
The flow of time bends around you.
Cheibriados rebukes the iron imp.
The iron imp seems to slow down.
Cheibriados rebukes the shadow imp.
The shadow imp seems to slow down.
Cheibriados rebukes the quasit.
The quasit seems to slow down.
The quasit bites you but does no damage.
The quasit claws you but does no damage. x2
The shadow imp hits you but does no damage.
You feel less attractive to monsters.
You miss the quasit. You hit the quasit.
The quasit is moderately wounded.
The quasit bites you but does no damage.
The quasit claws you but does no damage. x2
The iron imp hits you.
* * * LOW HITPOINT WARNING * * *
The crimson imp blinks!
You miss the quasit.
The quasit is moderately wounded.
The shadow imp hits you but does no damage.
You hit the quasit.
The quasit is severely wounded.
The quasit bites you but does no damage.
The quasit claws you but does no damage. x2
You closely miss the quasit.
The quasit is severely wounded.
The shadow imp disappears in a puff of smoke!
The quasit bites you.
You die...

# ######..........# #
#..........# ######
#..y.......# .....###
#..........# .......##
#...y.....##
........## ##........#
.........## ##......##
..........# #####..#
..........#####5♣55##
..............5§#####
..........##........#
.........###...5....#
.........# ##.......#
.........# ##.......#
.........# #........#
........####........##
........# #..........#


You could see an iron imp (summoned, slow), a quasit (summoned, slow), a crimson
imp (summoned) and 2 shadow imps.

Vanquished Creatures
  A steam dragon (D:7)
  Duvessa (D:4)
  A black bear (D:3)
  A centaur (D:7)
  A wyvern zombie (D:4)
  A bullfrog (D:7)
  Dowan (D:4)
  3 killer bees (D:7)
  A hound (D:3)
  A gnoll (D:1)
  5 adders
  A howler monkey skeleton (D:7)
  A river rat (D:3)
  2 dart slugs (D:3)
  8 orcs
  A bat (D:1)
  3 endoplasms
  4 giant cockroaches
  6 goblins
  11 hobgoblins
  8 jackals
  2 quokkas (D:3)
  6 ball pythons
  2 frilled lizards (D:1)
  3 kobolds
  5 rats
80 creatures vanquished.

Notes
Turn   | Place    | Note
-------+----------+-------------------------------------------
     0 | D:1      | freelancePsychic the Barachi Chaos Knight began the quest
                  | for the Orb.
     0 | D:1      | Reached XP level 1. HP: 18/18 MP: 1/1
   159 | D:1      | XOM: silly message
   341 | D:1      | Reached XP level 2. HP: 25/25 MP: 2/2
   517 | D:1      | Reached skill level 4 in Fighting
   769 | D:1      | Reached XP level 3. HP: 30/30 MP: 3/3
   801 | D:1      | XOM: silly message
   818 | D:1      | XOM: potion effect (curing)
  1031 | D:1      | XOM: silly message
  1146 | D:1      | XOM: noise
  1247 | D:1      | XOM: god gift: 58 gold pieces
  1431 | D:2      | XOM: cloud trail
  1530 | D:2      | XOM: 4-stop teleportation journey
  1546 | D:2      | Reached XP level 4. HP: 34/38 MP: 4/4
  1579 | D:2      | XOM: give mutations
  1579 | D:2      | Gained mutation: You are occasionally teleported next to
                  | monsters. [Xom's mischief]
  1579 | D:2      | Gained mutation: You occasionally shout uncontrollably at
                  | your foes. [Xom's mischief]
  1579 | D:2      | Gained mutation: Potions are less effective at restoring
                  | your health. [Xom's mischief]
  1579 | D:2      | Lost mutation: You occasionally shout uncontrollably at
                  | your foes. [Xom's mischief]
  1586 | D:2      | Reached skill level 1 in Slings
  1646 | D:2      | Noticed a black bear
  1647 | D:2      | XOM: enchant monster (good)
  1791 | D:3      | Noticed a black bear
  1810 | D:3      | Killed a black bear
  1811 | D:3      | Reached skill level 5 in Fighting
  1811 | D:3      | Reached XP level 5. HP: 29/44 MP: 5/5
  2211 | D:3      | XOM: god gift: 27 bolts
  2420 | D:3      | XOM: give mutations
  2420 | D:3      | Gained mutation: You are clumsy. (Dex -2) [Xom's mischief]
  2420 | D:3      | Lost mutation: You are clumsy. (Dex -2) [Xom's mischief]
  2420 | D:3      | Lost mutation: You are occasionally teleported next to
                  | monsters. [Xom's mischief]
  2506 | D:3      | XOM: chaos cloud
  2524 | D:3      | Reached XP level 6. HP: 19/52 MP: 6/6
  2794 | D:3      | Found a faded altar of an unknown god.
  2994 | D:3      | XOM: silly message
  3241 | D:4      | Found a snail-covered altar of Cheibriados.
  3246 | D:4      | Noticed Dowan
  3250 | D:4      | Noticed Duvessa
  3373 | D:4      | XOM: divination: magic mapping
  3386 | D:4      | XOM: potion effect (curing)
  3393 | D:4      | XOM: silly message
  3405 | D:4      | Killed Duvessa
  3406 | D:4      | Reached skill level 6 in Fighting
  3406 | D:4      | Reached skill level 1 in Conjurations
  3406 | D:4      | Reached skill level 1 in Transmutations
  3414 | D:4      | Killed Dowan
  3595 | D:4      | XOM: divination: detect items
  3600 | D:4      | XOM: noise
  3979 | D:3      | XOM is BORED!
  3979 | D:3      | XOM: noise
  4345 | D:4      | Reached XP level 7. HP: 59/59 MP: 7/7
  4382 | D:4      | Fell from the grace of Xom
  4382 | D:4      | Became a worshipper of Cheibriados the Contemplative
  4487 | D:4      | You fall into a shaft and drop 3 floors!
  4508 | D:7      | Found Giefi's Magic Scroll Emporium.
  4683 | D:7      | Reached skill level 1 in Short Blades
  4960 | D:7      | Identified the +9 plate armour "Bomnomnula" {Harm rN+ Will-
                  | Dex+2}
  4969 | D:7      | Noticed a steam dragon
  4979 | D:7      | Killed a steam dragon
  5179 | D:7      | Found Miqaugg's Assorted Antiques.
  5205 | D:7      | Reached XP level 8. HP: 30/65 MP: 8/8
  5281 | D:7      | XOM: summons 8 hostile demons
  5282 | D:7      | Noticed an orange demon
  5287 | D:7      | HP: 4/97 [orange demon[Xom] (2)]
  5309 | D:7      | HP: 3/97 [quasit[Xom] (2)]
  5310 | D:7      | HP: 1/97 [orange demon[Xom] (1)]
  5317 | D:7      | HP: 2/97 [iron imp[Xom] (1)]
  5320 | D:7      | Slain by a quasit

Illustrated notes

Levels and vault maps discovered:
D:1:      dpeg_arrival_leaves_temple_mockup, layout_basic, minivault_14,
          minmay_3d_cube
D:2:      layout_loops_ring
D:3:      layout_basic, dreamdust_ecumenical_altar_sealed_demon
D:4:      kennysheep_big_flooded_room, layout_cave_pods,
          mainiacjoe_overflow_catwalk, minmay_temple_entry_glassed_door,
          serial_shops, shop, uniq_duvessa
D:7:      layout_cave_pods, serial_shops, shop, shop, nicolae_shop_behind_doors,
          nicolae_diamond_shop

Skill      XL: |  1  2  3  4  5  6  7  8 |
---------------+-------------------------+-----
Fighting       | 4 5 6 |  6.5
Maces & Flails | 4 |  4.5
Slings         | 2 |  2.9
Conjurations   | 2 3 4 |  4.0
Transmutations | 2 3 4 |  4.0
Short Blades   | 2 |  2.9
Armour         | |  2.4
Dodging        | |  1.1

Action                   |  1- 3 |  4- 6 |  7- 9 || total
-------------------------+-------+-------+-------++-------
Melee: Mace              |   101 |    99 |       ||   200
       Short sword       |       |       |    53 ||    53
 Fire: Hunting sling     |    18 |    49 |    10 ||    77
Throw: Dart              |       |    27 |       ||    27
Invok: Bend Time         |       |       |     1 ||     1
 Abil: Hop               |       |       |     2 ||     2
  Use: Scroll            |       |       |     3 ||     3
       Potion            |       |       |     7 ||     7
Armor: Leather armour    |    49 |    50 |       ||    99
       Chain mail        |       |       |    34 ||    34
       Skin              |       |       |   119 ||   119
Dodge: Dodged            |    75 |   103 |    28 ||   206
